AoeStats
← Multani

Arabia

509989976Analyzed
4v4 RM · 3d ago on Sep 28, 2026· 8m 41s· 8 players
Game mode
Random Map
Map size
Large (8 player)
Population
200
Speed
Normal
Resources
Standard
Victory
Conquest
Starting age
Dark Age
Ending age
Imperial Age
RankedLock teamsTeams togetherTeam positionsShared explorationLock speedFull tech treeHidden civsTurbo modeCheats
Victory
Defeat
🇧🇷 Franks · Brazil
1319
+13
🇨🇴 Turks · Colombia
1283
+14
🇦🇹 Varangians · Austria
1235
+16
🇧🇷 Chinese · Brazil
1184
+19
🇦🇷 Britons · Argentina
1285
-17
🇦🇷 Bulgarians · Argentina
1280
-17
🇦🇷 Mongols · Argentina
1223
-15
🇦🇷 Varangians · Argentina
1173
-13
Zell
4:30 Loom
9:38 Feudal Age
Multani
7:09 Loom
9:28 Feudal Age
Kuroko
6:11 Loom
9:11 Feudal Age
Lord Housedrick
0:30 Loom
9:52 Feudal Age
Trintineo
JRR
Tank
TodoCode
6:19 Loom
9:26 Feudal Age
Connection lost

Rejoining the realm…

Still unreachable

The connection could not be restored.

Session expired

The server has moved on; the page needs a fresh start.